AoeStats
← Piphex.-

Nomad

510010617Analyzed
4v4 RM · 4d ago on Sep 29, 2026· 28m 48s· 8 players
Game mode
Random Map
Map size
231×231
Population
200
Speed
Normal
Resources
Standard
Victory
Conquest
Starting age
Dark Age
Ending age
Imperial Age
RankedLock teamsTeams togetherTeam positionsShared explorationLock speedFull tech treeHidden civsTurbo modeCheats
Victory
Defeat
🇨🇴 Italians · Colombia
1329
+16
🇧🇷 Dravidians · Brazil
1325
+16
🇲🇽 Celts · Mexico
1301
+17
🇧🇷 Wu · Brazil
1294
+17
1387
-19
🇨🇱 Persians · Chile
1359
-18
🇨🇱 Spanish · Chile
1313
-16
🇨🇱 Koreans · Chile
1230
-13
Viva Cristo
8:10 Loom
13:23 Feudal Age
17:27 Castle Age
15:19 Double-Bit Axe
16:08 Town Watch
16:16 Fletching
19:30 Bodkin Arrow
29:04 Padded Archer Armor
antoniomarcial
8:01 Loom
13:05 Feudal Age
14:39 Double-Bit Axe
17:34 Castle Age
15:44 Stone Mining
16:27 Fletching
17:29 Gold Mining
20:56 Horse Collar
22:21 Bodkin Arrow
22:27 Padded Archer Armor
25:29 Leather Archer Armor
27:16 Bow Saw
PNLN | maromba_aoe
5:02 Loom
12:28 Feudal Age
13:12 Double-Bit Axe
13:54 Fletching
21:30 Castle Age
22:36 Bow Saw
22:24 Horse Collar
23:02 Bodkin Arrow
24:33 Padded Archer Armor
26:58 Crossbowman
29:32 Ballistics
29:52 Wheelbarrow
[CL]TrunicC
11:19 Loom
13:48 Feudal Age
18:04 Castle Age
16:09 Stone Mining
18:47 Double-Bit Axe
19:14 Forging
20:58 Medium Warships
22:30 Wheelbarrow
21:56 Scale Mail Armor
25:36 Fletching
27:52 Bow Saw
[CL] Poeta Violento IX
3:59 Loom
13:43 Feudal Age
15:39 Fletching
21:05 Castle Age
19:10 Double-Bit Axe
19:32 Fishing Lines
20:30 Padded Archer Armor
27:29 Bodkin Arrow
27:25 Town Watch
Lucas
4:33 Loom
11:56 Feudal Age
17:49 Castle Age
17:00 Double-Bit Axe
19:58 Fletching
Kenzoak
7:46 Loom
13:20 Feudal Age
16:11 Double-Bit Axe
20:23 Castle Age
22:21 Bow Saw
24:50 Medium Warships
28:09 Fletching
Piphex.-
7:03 Loom
12:39 Feudal Age
18:18 Castle Age
16:33 Double-Bit Axe
19:04 Medium Warships
20:15 Town Watch
28:02 Bloodlines
28:28 Scale Barding Armor
Connection lost

Rejoining the realm…

Still unreachable

The connection could not be restored.

Session expired

The server has moved on; the page needs a fresh start.